 Dungeon Crawl Stone Soup version 0.22.0-5-gf09313c (webtiles) character file.

641 zishaf the Conjurer (level 7, -10/55 HPs)
             Began as a Barachi Conjurer on Aug 13, 2018.
             Was a Believer of Dithmenos.
             Mangled by Pikel
             ... wielding a +2 whip of electrocution
              (22 damage)
             ... on level 5 of the Dungeon.
             The game lasted 00:14:35 (4719 turns).

zishaf the Conjurer (Barachi Conjurer)              Turns: 4719, Time: 00:14:36

Health: -10/55     AC:  6    Str: 10    XL:     7   Next: 51%
Magic:  3/11       EV: 14    Int: 17    God:    Dithmenos [**....]
Gold:   190        SH:  0    Dex: 12    Spells: 6/12 levels left

rFire    . . .     SeeInvis .   g - -3 short sword (curse)
rCold    . . .     Gourm    .   (no shield)
rNeg     . . .     Faith    .   a - +0 robe
rPois    .         Spirit   .   (no helmet)
rElec    .         Reflect  .   o - scarf {repulsion}
rCorr    .         Harm     +   i - +0 pair of gloves
MR       .....                  s - +0 pair of boots
Stlth    ++........             p - amulet of harm
HPRegen  0.18/turn              e - +2 ring of protection
MPRegen  0.12/turn              (no ring)

@: can't hop, wreathed by umbra, repel missiles, slow
A: +LOS, swims, slowness 1, strong legs 1
a: Hop, Shadow Step, Renounce Religion


You were on level 5 of the Dungeon.
You worshipped Dithmenos.
Dithmenos was pleased with you.
You were not hungry.

You visited 1 branch of the dungeon, and saw 5 of its levels.
You also visited: Sewer.

You collected 190 gold pieces.

Inventory:

Hand Weapons
 g - a cursed -3 short sword (weapon)
Armour
 a - a +0 robe (worn)
 i - a +0 pair of gloves (worn)
 o - a scarf of repulsion (worn)
 s - a +0 pair of boots (worn)
Jewellery
 e - a +2 ring of protection (left hand)
 p - an amulet of harm (around neck)
Scrolls
 b - 2 scrolls of fear
 h - 3 scrolls of remove curse {unknown}
 j - 3 scrolls of blinking
 k - a scroll of enchant armour
 u - a scroll of enchant weapon {unknown}
Potions
 d - a potion of invisibility {unknown}
 f - 4 potions of curing {unknown}
 l - 5 potions of agility {unknown}
 m - 4 potions of flight {unknown}
 n - a potion of heal wounds
 q - 3 potions of brilliance {unknown}
 r - 4 potions of might {unknown}
Comestibles
 c - 4 rations


   Skills:
 + Level 4.5 Fighting
 + Level 4.9 Dodging
 - Level 2.0 Stealth
 + Level 3.2 Spellcasting
 + Level 6.3 Conjurations
 + Level 2.1 Hexes


You had 6 spell levels left.
You knew the following spells:

 Your Spells              Type           Power        Failure   Level  Hunger
a - Magic Dart            Conj           ###.         1%          1    None
b - Searing Ray           Conj           ###...       1%          2    ##.....
c - Dazzling Spray        Conj/Hex       ###...       9%          3    ###....

Your spell library contained the following spells:

 Spells                   Type           Power        Failure   Level  Hunger
 Iskenderun's Mystic Bla  Conj           ###.....     13%         4    ####...
 Fulminant Prism          Conj/Hex       ###.......   30%         4    ####...
 Force Lance              Conj/Tloc      ##......     43%         4    ####...


Dungeon Overview and Level Annotations

Branches:
Dungeon (5/15)
 Temple: D:4-7

Altars:
Dithmenos
Hepliaklqana
Kikubaaqudgha

Shops:
D:4 [

Annotations:
D:5 Pikel


Innate Abilities, Weirdness & Mutations

Shadows flee at your approach. (+LOS)
You can swim through water.
You cover ground slowly.
You can hop short distances.


Message History

The searing ray hits the slave.
The slave is heavily wounded.
You finish channeling your searing ray.
Pikel hits you with a whip of electrocution.
Casting: Searing Ray (safe; 1% risk of failure)
Confirm with . or Enter, or press ? or * to list all spells.
Aiming: Searing Ray (safe; 1% risk of failure)
Press: ? - help, Shift-Dir - straight line The searing ray hits Pikel.
Pikel is heavily wounded. (Press . to maintain the ray.) Pikel hits you but does no damage.
You are electrocuted!
All of the chunks of flesh in your inventory have rotted away.
The searing ray hits Pikel.
Pikel is heavily wounded.
Pikel says, "Who am I kidding?
They'll work you to death!"
Pikel hits you with a whip of electrocution.
* * * LOW HITPOINT WARNING * * *
You are electrocuted!
You die... #.######## #.....pK@# ##########

You could see Pikel and a slave.

Vanquished Creatures
  Eustachio (D:4)
  2 big kobolds (Sewer)
  2 vampire bats (D:2)
  A centaur skeleton (D:4)
  An orc wizard (D:4)
  A worker ant (D:4)
  7 adders
  A gnoll (D:3)
  A river rat (D:4)
  5 oozes
  An adder skeleton (D:4)
  2 worms
  3 leopard geckos
  4 orcs
  4 ball pythons
  2 bat skeletons (D:2)
  5 bat zombies (D:2)
  2 giant cockroaches
  5 goblins
  6 hobgoblins
  2 jackals
  14 kobolds
  A quokka (D:2)
  9 bats
  5 frilled lizards
  6 rats
93 creatures vanquished.

Notes
Turn   | Place    | Note
-------+----------+-------------------------------------------
     0 | D:1      | zishaf the Barachi Conjurer began the quest for the Orb.
     0 | D:1      | Reached XP level 1. HP: 13/13 MP: 3/3
   280 | D:1      | Reached XP level 2. HP: 11/20 MP: 0/5
   559 | D:1      | Reached skill level 1 in Fighting
   801 | D:1      | Learned a level 2 spell: Searing Ray
  1196 | D:2      | Reached XP level 3. HP: 26/26 MP: 4/6
  1785 | D:2      | Reached XP level 4. HP: 30/33 MP: 1/7
  1872 | D:2      | Reached skill level 5 in Conjurations
  1936 | D:2      | Found an ancient bone altar of Kikubaaqudgha.
  2131 | D:2      | Found a faded altar of an unknown god.
  2177 | D:2      | Became a worshipper of Dithmenos the Shadowed
  2177 | D:2      | Reached * piety under Dithmenos
  2261 | D:2      | Reached XP level 5. HP: 41/41 MP: 3/8
  2945 | D:3      | Found a hazy altar of Hepliaklqana.
  3073 | D:3      | Reached ** piety under Dithmenos
  3338 | D:4      | Reached XP level 6. HP: 47/47 MP: 2/9
  3343 | D:4      | Learned a level 3 spell: Dazzling Spray
  3362 | D:4      | Found a glowing drain.
  3455 | Sewer    | Entered a sewer
  4018 | Sewer    | Reached skill level 6 in Conjurations
  4018 | Sewer    | Reached skill level 1 in Hexes
  4320 | D:4      | Reached XP level 7. HP: 54/54 MP: 5/11
  4378 | D:4      | Noticed Eustachio
  4393 | D:4      | Killed Eustachio
  4681 | D:4      | Noticed Pikel
  4700 | D:4      | Found Yschaclao's Antique Armour Shop.
  4713 | D:5      | Entered Level 5 of the Dungeon
  4719 | D:5      | Mangled by Pikel

Skill      XL: |  1  2  3  4  5  6  7 |
---------------+----------------------+-----
Stealth        | 2 |  2.0
Fighting       | 1 2 3 4 |  4.5
Dodging        | 3 4 |  4.9
Conjurations   | 5 6 |  6.3
Hexes          | 1 2 |  2.1
Spellcasting   | 3 |  3.2

Action                   |  1- 3 |  4- 6 |  7- 9 || total
-------------------------+-------+-------+-------++-------
Melee: Unarmed           |    26 |    41 |       ||    67
 Cast: Magic Dart        |    58 |   137 |    21 ||   216
       Searing Ray       |     2 |    10 |     4 ||    16
       Dazzling Spray    |       |     1 |       ||     1
 Abil: Hop               |     2 |     1 |     1 ||     4
  Use: Scroll            |       |     5 |       ||     5
  Eat: Chunk             |     3 |     7 |       ||    10
       Ration            |       |     2 |       ||     2
Armor: Robe              |    25 |    25 |     3 ||    53
Dodge: Dodged            |    43 |    82 |    20 ||   145
       Deflected         |       |     2 |     2 ||     4
